AoeStats
← Oldspice

Hill Fort

506047909Analyzed
4v4 RM · 20d ago on Sep 12, 2026· 47m 21s· 8 players
Game mode
Random Map
Map size
Large (8 player)
Population
200
Speed
Normal
Resources
Standard
Victory
Conquest
Starting age
Dark Age
Ending age
Imperial Age
RankedLock teamsTeams togetherTeam positionsShared explorationLock speedFull tech treeHidden civsTurbo modeCheats
Victory
Defeat
🇪🇨 Mongols · Ecuador
1546
+14
🇨🇦 Spanish · Canada
1537
+15
🇲🇽 Saracens · Mexico
1525
+15
🇲🇽 Huns · Mexico
1485
+17
1547
-17
🇵🇪 Slavs · Peru
1541
-16
🇺🇸 Jurchens · United States
1501
-15
🇺🇸 Spanish · United States
1451
-13
Cinnamoroll
8:55 Feudal Age
9:25 Double-Bit Axe
10:14 Loom
12:47 Horse Collar
19:20 Castle Age
17:39 Gold Mining
19:27 Scale Barding Armor
19:06 Fishing Lines
21:23 Sanctity
21:14 Fervor
22:07 Husbandry
23:54 Bloodlines
25:53 Wheelbarrow
25:58 Bow Saw
32:56 Squires
33:17 Town Watch
34:08 Scale Mail Armor
36:45 Pikeman
38:04 Chain Mail Armor
40:40 Imperial Age
39:44 Forging
39:58 Heavy Plow
40:54 Fletching
41:43 Block Printing
42:03 Theocracy
41:54 Illumination
40:49 Halberdier
42:01 Plate Mail Armor
43:06 Two-Man Saw
42:37 Redemption
43:21 Chain Barding Armor
43:37 Iron Casting
45:09 Inquisition
45:30 Conscription
45:31 Supremacy
45:20 Bodkin Arrow
46:01 Plate Barding Armor
46:51 Blast Furnace
46:02 Bracer
47:27 Hand Cart
Lolokoil
11:08 Feudal Age
11:56 Loom
15:12 Castle Age
13:35 Double-Bit Axe
13:35 Horse Collar
16:22 Scale Barding Armor
16:19 Town Watch
23:59 Bow Saw
26:01 Scale Barding Armor
27:29 Chain Barding Armor
27:20 Forging
29:28 Wheelbarrow
28:54 Heavy Plow
30:26 Iron Casting
31:48 Marauders
32:31 Bloodlines
32:21 Husbandry
35:03 Imperial Age
32:25 Light Cavalry
34:04 Fletching
35:11 Elite Tarkan
36:39 Plate Barding Armor
36:49 Conscription
38:30 Blast Furnace
37:25 Bodkin Arrow
40:07 Bracer
40:07 Scale Mail Armor
41:03 Gold Mining
41:03 Stone Mining
41:29 Hand Cart
44:40 Two-Man Saw
43:34 Hussar
45:37 Gold Shaft Mining
45:47 Cavalier
46:53 Paladin
Vmmp11
10:39 Feudal Age
16:07 Castle Age
14:05 Double-Bit Axe
14:54 Fletching
16:18 Crossbowman
17:10 Bodkin Arrow
22:05 Bow Saw
24:29 Horse Collar
25:25 Ballistics
31:28 Padded Archer Armor
34:28 Wheelbarrow
33:39 Loom
33:40 Town Watch
37:44 Imperial Age
36:39 Leather Archer Armor
38:06 Arbalester
38:57 Bracer
41:09 Chemistry
44:05 Heavy Plow
46:53 Conscription
46:03 Elite Mameluke
[ECU] Tecno>Luis
6:25 Loom
12:02 Feudal Age
16:32 Castle Age
14:41 Double-Bit Axe
14:51 Horse Collar
16:25 Fletching
18:15 Bodkin Arrow
22:34 Padded Archer Armor
24:39 Wheelbarrow
25:00 Bow Saw
27:58 Hand Cart
28:04 Heavy Plow
29:09 Husbandry
29:19 Bloodlines
30:09 Bloodlines
30:11 Gold Mining
30:15 Stone Mining
34:22 Gold Shaft Mining
34:49 Ballistics
34:20 Town Watch
37:56 Imperial Age
36:33 Leather Archer Armor
36:33 Thumb Ring
38:57 Stone Shaft Mining
38:44 Bracer
39:45 Chemistry
38:14 Onager
39:37 Conscription
40:01 Drill
41:13 Elite Mangudai
42:44 Siege Engineers
42:49 Masonry
44:42 Capped Ram
44:54 Siege Onager
46:32 Murder Holes
46:39 Siege Ram
2rich4u81
10:44 Feudal Age
16:27 Castle Age
14:48 Double-Bit Axe
14:45 Horse Collar
15:12 Loom
16:25 Gold Mining
16:26 Stone Mining
17:09 Heavy Plow
17:54 Padded Archer Armor
19:33 Bow Saw
28:25 Bloodlines
28:40 Husbandry
36:18 Leather Archer Armor
38:44 Wheelbarrow
41:39 Imperial Age
41:48 Elite Conquistador
42:49 Conscription
43:02 Ring Archer Armor
45:11 Fletching
44:43 Light Cavalry
45:41 Scale Barding Armor
45:47 Forging
Oldspice
10:50 Feudal Age
15:16 Castle Age
13:29 Horse Collar
14:21 Loom
16:02 Double-Bit Axe
21:24 Padded Archer Armor
23:23 Wheelbarrow
27:58 Siege Engineers
28:56 Hand Cart
33:00 Imperial Age
30:44 Stone Mining
32:33 Scale Barding Armor
32:39 Forging
34:24 Chain Barding Armor
34:58 Husbandry
35:08 Bloodlines
35:13 Gold Mining
36:39 Iron Casting
36:14 Elite Iron Pagoda
37:42 Conscription
38:24 Plate Barding Armor
39:02 Thunderclap Bombs
44:41 Coinage
45:14 Blast Furnace
44:13 Light Cavalry
46:01 Hussar
叫我靓仔啊 扑街
8:41 Feudal Age
9:13 Double-Bit Axe
10:01 Loom
13:57 Fletching
23:13 Castle Age
21:42 Gold Mining
22:54 Padded Archer Armor
23:15 Crossbowman
24:11 Bodkin Arrow
25:17 Wheelbarrow
27:20 Hand Cart
28:00 Town Watch
37:23 Ballistics
37:15 Fortified Wall
37:22 Leather Archer Armor
40:53 Thumb Ring
Longbow
11:20 Feudal Age
15:16 Castle Age
13:08 Double-Bit Axe
13:18 Horse Collar
15:33 Loom
18:53 Bow Saw
23:09 Wheelbarrow
23:19 Light Cavalry
24:35 Husbandry
24:46 Bloodlines
25:19 Town Watch
26:11 Scale Barding Armor
28:02 Chain Barding Armor
29:05 Forging
29:57 Hand Cart
35:28 Imperial Age
33:16 Stone Mining
33:17 Gold Mining
33:32 Heavy Plow
34:39 Gold Shaft Mining
36:30 Iron Casting
36:00 Detinets
35:59 Hussar
37:15 Plate Barding Armor
37:22 Conscription
46:08 Fletching
Connection lost

Rejoining the realm…

Still unreachable

The connection could not be restored.

Session expired

The server has moved on; the page needs a fresh start.